 Dungeon Crawl Stone Soup version 0.29-a0-542-g075992c915 (webtiles) character file.

Game seed: 11021802598134839352

640 Sabo the Chopper (level 7, -2/46 HPs)
             Began as a Demonspawn Gladiator on June 3, 2022.
             Was a Priest of Hepliaklqana.
             Succumbed to an orc wizard's poison
             ... on level 5 of the Dungeon.
             The game lasted 00:20:49 (4178 turns).

Sabo the Chopper (Demonspawn Gladiator)             Turns: 4178, Time: 00:20:49

Health: -2/46      AC: 14    Str: 16    XL:     7   Next: 26%
Magic:  7/7        EV:  7    Int:  9    God:    Hepliaklqana [***...]
Gold:   231        SH:  4    Dex: 17    Spells: 6/6 levels left

rFire   . . .      SeeInvis .   t - +1 hand axe (venom)
rCold   . . .      Faith    .   A - +0 buckler
rNeg    . . .      Spirit   .   D - +0 chain mail
rPois   .          Reflect  .   c - +2 helmet
rElec   .          Harm     .   F - +1 cloak
rCorr   .          Rampage  .   (no gloves)
Will    .....                   (no boots)
Stlth   ..........              (no amulet)
HPRegen 0.15/turn               (no ring)
MPRegen 0.20/turn               (no ring)

@: lethally poisoned (-2 -> -20)
A: reduced essence, thin skeletal structure 1, magic regeneration, condensation
shield
a: Renounce Religion, Recall Ancestor, Ancestor Identity, Transference


You were on level 5 of the Dungeon.
You worshipped Hepliaklqana.
Hepliaklqana was most pleased with you.
You visited 1 branch of the dungeon, and saw 5 of its levels.

You collected 231 gold pieces.

Inventory:

Hand Weapons
 a - a +0 war axe
 j - a +0 shortbow
 o - a +0 hunting sling
 t - a +1 hand axe of venom (weapon)
 y - a +2 trident of venom
 E - a +3 quarterstaff of chaos
Missiles
 d - 3 throwing nets
 e - a javelin
 i - 2 poisoned darts (quivered)
 s - 2 boomerangs
 x - 2 atropa-tipped darts
Armour
 c - a +2 helmet (worn)
 A - a +0 buckler (worn)
 D - a +0 chain mail (worn)
 F - a +1 cloak (worn)
Scrolls
 m - a scroll of torment {unknown}
 q - a scroll of silence
 r - a scroll of teleportation
 v - a scroll of fear
 C - a scroll of magic mapping {unknown}
Potions
 b - 3 potions of ambrosia {unknown}
 f - 2 potions of brilliance {unknown}
 g - a potion of attraction {unknown}
 h - a potion of degeneration {unknown}
 k - a potion of haste {unknown}
 l - 2 potions of heal wounds {unknown}
 n - 6 potions of curing {unknown}
 p - 2 potions of invisibility {unknown}
 u - 2 potions of resistance {unknown}
 z - a potion of berserk rage {unknown}


   Skills:
 + Level 3.5 Fighting
 + Level 5.0 Axes
 + Level 2.0 Throwing
 + Level 3.1 Armour
 + Level 3.5 Dodging
 + Level 2.3 Stealth
 + Level 1.0 Shields


You had 6 spell levels left.
You didn't know any spells.
Your spell library contained the following spells:

 Spells                   Type           Power      Damage    Failure   Level
 Magic Dart               Conj           0%         1d3       100%        1
 Searing Ray              Conj           0%         2d4       100%        2
 Ozocubu's Armour         Ice            0%         N/A       100%        3
 Stone Arrow              Conj/Erth      0%         3d7       100%        3
 Animate Armour           Summ/Erth      0%         N/A       100%        4
 Fulminant Prism          Conj/Hex       0%         3d6       100%        4
 Metabolic Englaciation   Hex/Ice        0%         N/A       100%        5
 Simulacrum               Ice/Necr       0%         N/A       100%        6
 Lehudib's Crystal Spear  Conj/Erth      0%         10d2      100%        8


Dungeon Overview and Level Annotations

Branches:
Dungeon (5/15)
 Temple: D:4-7

Altars:
Cheibriados
Hepliaklqana
Nemelex Xobeh
Okawaru
Yredelemnul


Innate Abilities, Weirdness & Mutations

Your life essence is reduced to manifest your ancestor. (-10% HP)
You have a somewhat thin skeletal structure. (Dex +2, Stealth+)
You regenerate magic rapidly.
A meltable shield of frost defends you. (SH +0)


Message History

You are more poisoned.
You hit something.
You feel very sick. Something hits you but does no damage.
You are more poisoned.
You miss something.
You feel very sick.
You hear some strange, mumbled words.
A magic dart appears from out of thin air!
The magic dart hits you.
You miss something.
You feel very sick. Something hits you but does no damage.
You barely miss something.
You feel very sick. Something hits you but does no damage.
You are more poisoned.
You barely miss something.
You feel very sick.
You hear some strange, mumbled words.
A magic dart appears from out of thin air!
The magic dart hits you but does no damage.
Something hits you but does no damage.
You are lethally poisoned!
You miss something.
* * * LOW HITPOINT WARNING * * *
You feel very sick. Something hits you but does no damage.
You closely miss something.
* * * LOW HITPOINT WARNING * * *
You feel very sick. Something hits you but does no damage.
You are more poisoned.
You slash something!
Reactivating autopickup.
You feel a bit more experienced.
* * * LOW HITPOINT WARNING * * *
You feel very sick.
Your Axes skill increases to level 5!
You die...

#...............#
#...............#
#.......##'#....#
#.......#..#....#
#.......'..#....#
#.......####....##########.
######### ####............
#.).......... #.@..........
#............ #.)>.........
#####.)..........
#......#####+#### #......#
+......# #......+ #......#


There were no monsters in sight!

Vanquished Creatures
  Eustachio (D:4)
  Blork the orc (D:5)
  A scorpion (D:4)
  A howler monkey (D:4)
  An orc priest (D:4)
  Crazy Yiuf (D:4)
  An orc wizard (D:5)
  Robin (D:4)
  A gnoll (D:1)
  An adder (D:2)
  A worm (D:4)
  A dart slug (D:1)
  3 orcs
  2 bats (D:1)
  2 endoplasms
  3 giant cockroaches
  5 goblins
  3 hobgoblins
  2 jackals (D:1)
  2 quokkas (D:2)
  6 ball pythons
  4 frilled lizards
  4 kobolds
  4 rats
52 creatures vanquished.

Vanquished Creatures (collateral kills)
  A centaur (D:5)
  An orc priest (D:4)
  2 adders
  A worm (D:4)
  9 orcs
  2 ball pythons
  2 endoplasms
  10 goblins
  7 hobgoblins
  A quokka (D:2)
  2 frilled lizards
  3 kobolds
  3 rats
44 creatures vanquished.

Vanquished Creatures (others)
  A battlemage (D:5)
1 creature vanquished.

Grand Total: 97 creatures vanquished

Notes
Turn   | Place    | Note
-------+----------+-------------------------------------------
     0 | D:1      | Sabo the Demonspawn Gladiator began the quest for the Orb.
     0 | D:1      | Reached XP level 1. HP: 16/16 MP: 1/1
    58 | D:1      | Gained mutation: You have a somewhat thin skeletal
                  | structure. (Dex +2, Stealth+) [demonic ancestry]
    58 | D:1      | Reached XP level 2. HP: 23/23 MP: 2/2
   363 | D:1      | Reached skill level 3 in Axes
   376 | D:1      | Found a faded altar of an unknown god.
   384 | D:1      | Prayed at the altar of an unknown god.
   384 | D:1      | Became a worshipper of Hepliaklqana the Forgotten
   384 | D:1      | Reached * piety under Hepliaklqana
   706 | D:1      | Gained mutation: A meltable shield of frost defends you.
                  | (SH +0) [demonic ancestry]
   706 | D:1      | Reached XP level 3. HP: 25/25 MP: 3/3
  1436 | D:2      | Reached ** piety under Hepliaklqana
  1445 | D:2      | Remembered your ancestor Ælfthryth as a battlemage
  1516 | D:2      | Reached XP level 4. HP: 30/30 MP: 4/4
  1741 | D:2      | Found a sparkling altar of Nemelex Xobeh.
  2367 | D:3      | Found an iron altar of Okawaru.
  2367 | D:3      | Found a basalt altar of Yredelemnul.
  2611 | D:3      | Found a snail-covered altar of Cheibriados.
  2768 | D:4      | Noticed Eustachio
  2777 | D:4      | Killed Eustachio
  2778 | D:4      | Reached skill level 4 in Axes
  2778 | D:4      | Reached skill level 1 in Armour
  2778 | D:4      | Reached skill level 1 in Stealth
  2778 | D:4      | Reached XP level 5. HP: 23/36 MP: 5/5
  2869 | D:4      | Gained mutation: You regenerate magic rapidly. [demonic
                  | ancestry]
  2869 | D:4      | Reached XP level 6. HP: 39/42 MP: 6/6
  3432 | D:4      | Noticed Robin
  3440 | D:4      | Killed Robin
  3753 | D:4      | Found a runed translucent door.
  3754 | D:4      | Noticed Crazy Yiuf
  3762 | D:4      | Killed Crazy Yiuf
  4048 | D:5      | Entered Level 5 of the Dungeon
  4065 | D:5      | Reached XP level 7. HP: 34/46 MP: 7/7
  4079 | D:5      | Reached *** piety under Hepliaklqana
  4129 | D:5      | Noticed Blork the orc
  4139 | D:5      | Killed Blork the orc
  4140 | D:5      | Reached skill level 1 in Shields
  4177 | D:5      | HP: 2/46 [poisoned by an orc wizard]
  4178 | D:5      | Reached skill level 5 in Axes
  4178 | D:5      | Succumbed to an orc wizard's poison

Illustrated notes

Levels and vault maps discovered:
D:1:      amcnicky_arrival_flooded_fountain, layout_loops_cross,
          basic_ecumenical_altar
D:2:      layout_basic, basic_altar, st_stairs_9
D:3:      layout_rooms, grunt_temple_overflow_open,
          lemuel_coloured_pillars_altar
D:4:      layout_basic, uniq_eustachio, uniq_robin, uniq_crazy_yiuf_cottage
D:5:      layout_gridville, mainiacjoe_overflow_alcove_2,
          minmay_temple_entry_drinking_statues, gup_sewer_entry_spiral,
          uniq_edmund, uniq_blork_the_orc, uniq_menkaure

Skill      XL: |  1  2  3  4  5  6  7 |
---------------+----------------------+-----
Axes           | 3 4 5 |  5.0
Dodging        | 3 |  3.5
Fighting       | 3 |  3.5
Armour         | 1 2 3 |  3.1
Stealth        | 1 2 |  2.3
Throwing       | 2 |  2.0
Shields        | 1 |  1.0

Action                   |  1- 3 |  4- 6 |  7- 9 || total
-------------------------+-------+-------+-------++-------
Melee: War axe           |    88 |     1 |       ||    89
       Hand axe          |       |    65 |    17 ||    82
Throw: Dart              |       |     4 |       ||     4
Invok: Ancestor Life: Ba |     1 |       |       ||     1
  Use: Scroll            |     1 |     6 |     1 ||     8
 Stab: Sleeping          |     4 |     2 |       ||     6
       Distracted        |       |     1 |       ||     1
Armor: Leather armour    |    34 |     1 |       ||    35
       Scale mail        |       |     8 |       ||     8
       Chain mail        |       |     9 |    16 ||    25
Dodge: Dodged            |    77 |    26 |     1 ||   104
Block: Other             |     7 |     1 |       ||     8
       Buckler           |       |    22 |     2 ||    24

Table legend: (Time is in decaauts)
 A = Elapsed time spent in this place.
 B = Non-inter-level travel time spent in this place.
 C = Inter-level travel time spent in this place.
 D = Time resting spent in this place.
 E = Time spent auto-exploring this place.
 F = Levels seen in this place.
 G = Mean time per level.
                   A        B        C        D        E       F      G
               +--------+--------+--------+--------+--------+-----+--------+
         Total |   4217 |   4217 |      0 |   1048 |      0 |   5 |  843.4 |
       Dungeon |   4217 |   4217 |      0 |   1048 |      0 |   5 |  843.4 |
               +--------+--------+--------+--------+--------+-----+--------+

Top non-repeatable levels by time:
     D:4: 1285 daAuts
     D:2: 1196 daAuts
     D:1: 973 daAuts
     D:3: 628 daAuts
     D:5: 132 daAuts
